Map: Prion Terraces

Players

레이너

  • Race: Zerg Zerg
  • League: Platinum

ILLBdA - Winner!

  • Race: Protoss Protoss
  • League: Diamond

VOD

Have the link to the VOD?

Description

Time

  • Played on: Dec. 23, 2015, 10:23 p.m.
  • Length: 12:56
Show
View Real Time Build Order
Export as new Build Order

레이너 Zerg 

Build Orders: Hatch First 

Get SALT Encoding   

  12  0:01  Drone  
  13  0:11  Drone  
  14  0:17  Overlord  
  14  0:37  Drone x3  
  17  0:56  Hatchery  
  16  1:08  Spawning Pool  
  16  1:10  Drone  
  16  1:14  Extractor  
  16  1:15  Drone  
  16  1:18  Drone  
  16  1:23  Drone  
  18  1:35  Drone  
  19  1:43  Overlord  
  19  1:54  Drone, Queen  
  23  2:11  Hatchery  
  23  2:12  Zergling x2  
  23  2:20  Extractor  
  23  2:22  Zergling x2  
  23  2:25  Spine Crawler  
  22  2:33  Zergling x2  
  23  2:42  Metabolic Boost  
  23  2:53  Zergling x4  
  25  2:59  Overlord  
  25  3:05  Hatchery  
  24  3:21  Drone  
  24  3:22  Drone x3  
  28  3:41  Queen  
  29  4:06  Drone x3  
  29  4:07  Drone x5  
  34  4:29  Queen  
  34  4:31  Drone x2  
  37  4:47  Lair  
  37  4:48  Extractor  
  36  4:53  Drone x3  
  39  5:05  Drone  
  39  5:06  Drone x5  
  45  5:14  Drone  
  45  5:15  Drone x2  
  45  5:17  Zergling x2  
  49  5:24  Zergling x2  
  49  5:27  Overlord  
  49  5:53  Spire  
  49  5:56  Drone  
  50  5:57  Drone x5  
  50  6:01  Extractor  
  50  6:02  Extractor  
  53  6:04  Zergling x6  
  53  6:05  Overlord, Zergling x6  
  53  6:06  Overlord x3  
  53  6:09  Extractor  
  57  6:14  Overlord  
  55  6:38  Hydralisk Den  
  45  6:43  Spore Crawler  
  45  6:45  Spore Crawler  
  43  6:47  Drone  
  43  6:48  Drone x11  
  43  6:52  Spore Crawler  
  43  6:53  Spore Crawler  
  53  6:56  Spore Crawler  
  53  7:01  Spore Crawler  
  51  7:10  Drone x2  
  53  7:20  Drone  
  53  7:21  Drone  
  55  7:24  Muscular Augments  
  55  7:25  Drone x3  
  55  7:27  Overlord x2  
  58  7:36  Hydralisk  
  60  7:41  Queen  
  62  7:47  Hydralisk  
  62  7:48  Hydralisk x8  
  78  7:53  Overlord  
  78  8:05  Hydralisk  
  78  8:06  Hydralisk  
  78  8:07  Overlord x2  
  78  8:08  Overlord  
  82  8:17  Pneumatized Carapace  
  76  8:24  Hydralisk  
  76  8:25  Hydralisk x7  
  90  8:32  Hydralisk x4  
  58  11:48  Hydralisk  
  58  11:49  Hydralisk x8  
  76  11:59  Evolution Chamber x2  
  74  12:16  Hatchery  
  73  12:23  Hydralisk x8  
Show
View Real Time Build Order
Export as new Build Order

ILLBdA Protoss - Winner!

Build Orders:  

Get SALT Encoding   

  12  0:01  Probe (Chrono Boost)  
  13  0:12  Probe (Chrono Boost)  
  14  0:20  Pylon  
  14  0:23  Probe (Chrono Boost)  
  15  0:38  Probe (Chrono Boost), Forge  
  16  0:48  Probe (Chrono Boost)  
  17  0:59  Probe (Chrono Boost)  
  18  1:09  Pylon  
  18  1:11  Probe (Chrono Boost)  
  19  1:21  Probe (Chrono Boost)  
  20  1:29  Photon Cannon  
  20  1:33  Photon Cannon  
  21  1:47  Probe (Chrono Boost)  
  21  1:57  Probe (Chrono Boost), Nexus  
  22  2:04  Pylon  
  22  2:08  Probe (Chrono Boost)  
  23  2:19  Probe (Chrono Boost)  
  23  2:20  Pylon  
  23  2:21  Pylon  
  24  2:24  Pylon  
  24  2:43  Gateway  
  24  2:45  Pylon, Assimilator  
  24  2:46  Probe (Chrono Boost)  
  24  2:47  Pylon  
  25  2:55  Assimilator  
  25  3:05  Gateway  
  25  3:08  Photon Cannon  
  25  3:12  Probe (Chrono Boost)  
  26  3:19  Photon Cannon  
  26  3:22  Probe (Chrono Boost)  
  26  3:26  Probe (Chrono Boost)  
  28  3:32  Probe (Chrono Boost)  
  28  3:35  Zealot (Chrono Boost)  
  28  3:39  Cybernetics Core  
  28  3:40  Probe (Chrono Boost)  
  30  3:53  Zealot (Chrono Boost)  
  32  4:00  Zealot (Chrono Boost)  
  34  4:13  Probe  
  28  4:24  Probe  
  28  4:29  Sentry x2 (Chrono Boost)  
  32  4:31  Warp Gate  
  32  4:41  Probe (Chrono Boost)  
  33  4:49  Probe (Chrono Boost)  
  33  4:52  Stargate  
  34  4:55  Probe (Chrono Boost)  
  35  5:02  Probe (Chrono Boost)  
  35  5:06  Probe (Chrono Boost)  
  37  5:14  Probe (Chrono Boost)  
  38  5:16  Probe (Chrono Boost)  
  39  5:26  Probe (Chrono Boost)  
  39  5:27  Probe (Chrono Boost)  
  41  5:30  Assimilator  
  41  5:33  Stargate  
  41  5:34  Oracle (Chrono Boost)  
  44  5:36  Probe  
  44  5:37  Probe  
  44  5:45  Assimilator  
  44  5:48  Probe  
  43  5:53  Probe (Chrono Boost)  
  44  6:02  Probe (Chrono Boost)  
  44  6:03  Phoenix  
  45  6:09  Probe (Chrono Boost)  
  48  6:12  Pylon  
  48  6:16  Probe (Chrono Boost)  
  48  6:18  Phoenix  
  51  6:22  Probe (Chrono Boost)  
  52  6:27  Pylon  
  52  6:28  Probe (Chrono Boost)  
  53  6:37  Phoenix  
  53  6:46  Gateway  
  53  6:48  Gateway  
  53  6:49  Gateway  
  53  6:52  Phoenix  
  55  6:59  Phoenix  
  55  7:03  Sentry  
  55  7:04  Zealot  
  61  7:10  Pylon  
  61  7:17  Phoenix  
  61  7:21  Phoenix  
  65  7:42  Phoenix  
  65  7:43  Phoenix  
  69  7:55  Zealot x4  
  77  8:10  Gateway  
  77  8:13  Gateway  
  77  8:20  Phoenix  
  77  8:33  Phoenix  
  77  8:35  Probe  
  77  8:39  Pylon  
  77  8:40  Pylon  
  78  8:44  Twilight Council  
  78  9:02  Zealot x3  
  79  9:03  Zealot  
  79  9:06  Phoenix x2  
  83  9:26  Zealot x2  
  83  9:27  Zealot x3  
  83  9:30  Charge  
  93  9:52  Pylon  
  93  9:53  Pylon  
  93  10:10  Phoenix x2  
  97  10:24  Zealot x3  
  103  10:30  Fleet Beacon  
  103  10:42  Probe  
  104  10:51  Robotics Facility  
  104  10:58  Nexus  
  104  11:01  Pylon  
  104  11:02  Pylon  
  104  11:13  Probe  
  105  11:19  Pylon  
  105  11:22  Tempest (Chrono Boost)  
  113  11:26  Tempest (Chrono Boost)  
  113  11:27  Mothership Core  
  115  11:38  Observer  
  122  11:55  Probe  
  122  12:01  Tempest (Chrono Boost)  
  127  12:08  Probe x2  
  131  12:34  Assimilator  
  131  12:36  Assimilator  
Tags
 
Matchup
PvZ
Replay Pack
me
Add a new tag
Caveats
  • Supply blocks, unpowered buildings, or Contaminate may cause inaccurate times.
  • Supply counts are checked every 10 seconds.